 Dungeon Crawl Stone Soup version 0.28-a0-1567-g1695149f81 (webtiles) character file.

Game seed: 1958392027492448395

2846 comborobin the Carver (level 9, -10/61 HPs)
             Began as an Octopode Cinder Acolyte on Jan 20, 2022.
             Was an Elder of Ignis.
             Mangled by an eight-headed hydra (17 damage)
             ... on level 7 of the Dungeon.
             The game lasted 00:08:11 (7386 turns).

comborobin the Carver (Octopode Cinder Acolyte)     Turns: 7386, Time: 00:08:12

Health: -10/61     AC:  1    Str: 13    XL:     9   Next: 74%
Magic:  10/10      EV: 14    Int: 17    God:    Ignis [****..]
Gold:   210        SH:  0    Dex: 11    Spells: 10/10 levels left

rFire   + . .      SeeInvis .   h - +2 Maxwell's thermic engine {flame, freeze}
rCold   . . .      Faith    .   (no shield)
rNeg    . . .      Spirit   .   (helmet restricted)
rPois   .          Reflect  .   (no amulet)
rElec   .          Harm     .   (no ring)
rCorr   .          Rampage  .   (no ring)
Will    .....                   (no ring)
Stlth   ++........              (no ring)
HPRegen 0.20/turn               (no ring)
MPRegen 0.12/turn               (no ring)
                                (no ring)
                                (no ring)

@: weak-willed
A: almost no armour, amphibious, 8 rings, camouflage 1, gelatinous body 1,
(nimble swimmer 1), tentacles
a: Renounce Religion, Fiery Armour, Foxfire Swarm, Rising Flame


You were on level 7 of the Dungeon.
You worshipped Ignis.
Ignis was greatly pleased with you.
You visited 2 branches of the dungeon, and saw 8 of its levels.

You collected 210 gold pieces.

Inventory:

Hand Weapons
 g - a +2 dagger of venom
 h - the +2 Maxwell's thermic engine (weapon) {flame, freeze}
   (You found it on level 4 of the Dungeon)

   It burns those it strikes, dealing additional fire damage.
   Big, fiery blades are also staple armaments of hydra-hunters.
   It freezes those it strikes, dealing additional cold damage.
   It can also slow down cold-blooded creatures.
   It becomes more effective when it hits something.
   This effect fades over time.
 m - a +4 great sword
Wands
 b - a wand of charming (9)
 e - a wand of digging (4)
Scrolls
 d - a scroll of fog
Potions
 l - a potion of invisibility
 n - a potion of brilliance


   Skills:
 - Level 5.5 Fighting
 + Level 11.3 Long Blades
 - Level 4.3 Dodging
 - Level 3.0 Unarmed Combat
 - Level 1.0 Spellcasting
 - Level 3.0 Fire Magic


You had 10 spell levels left.
You didn't know any spells.
Your spell library contained the following spells:

 Spells                   Type           Power      Damage    Failure   Level
 Scorch                   Fire           22%        2d6       10%         2
 Beastly Appendage        Tmut           0%         N/A       22%         1
 Freeze                   Ice            0%         1d3       22%         1
 Magic Dart               Conj           0%         1d3       22%         1
 Call Imp                 Summ           0%         N/A       32%         2
 Ensorcelled Hibernation  Hex/Ice        0%         N/A       32%         2
 Passwall                 Tmut/Erth      0%         N/A       32%         2
 Static Discharge         Conj/Air       0%         N/A       32%         2
 Wereblood                Tmut           0%         N/A       32%         2
 Mephitic Cloud           Conj/Pois/Air  0%         N/A       54%         3
 Spider Form              Tmut/Pois      0%         N/A       54%         3
 Swiftness                Air            0%         N/A       54%         3
 Lightning Bolt           Conj/Air       0%         1d11      99%         5
 Simulacrum               Ice/Necr       0%         N/A       100%        6
 Maxwell's Capacitive Co  Air            0%         ∞         100%        8


Dungeon Overview and Level Annotations

Branches:
Dungeon (7/15)             Temple (1/1) D:7

Altars:
Ashenzari
Cheibriados
Dithmenos
Elyvilon
Gozag
Hepliaklqana
Makhleb
Okawaru
Ru
Sif Muna
Trog
Uskayaw
Vehumet
Wu Jian
Xom
Yredelemnul
Zin
The Shining One

Annotations:
D:6 2 transporters, exclusion: downstairs, 0ceanBlu's ghost, novice DsGl
D:7 3 runed translucent doors, Pin's ghost, novice HOMo


Innate Abilities, Weirdness & Mutations

You cannot wear most types of armour.
You are amphibious.
You can wear up to eight rings at the same time.
Your skin changes colour to match your surroundings (Stealth+).
Your rubbery body absorbs attacks. (AC +1, EV +1)
((You are camouflaged when in or above water. (Stealth+)))
You have tentacles for arms and can constrict up to eight enemies at once.


Message History

a +1 robe of positive energy; a +4 long sword
Found 15 stones.
Found a bloodstained altar of Trog.
Okay, then.
Okay, then.
As you read the scroll labelled HITEXK RUGAPH, it crumbles to dust.
Your body is wracked with pain!
It was a scroll of torment.
As you read the scroll labelled YHAMUMA PEHAI, it crumbles to dust.
It is a scroll of amnesia.
You feel forgetful for a moment.
Unknown command.
You start resting.
HP restored.
Okay, then.
As you read the scroll labelled TIDOBR ERCHAA, it crumbles to dust.
You assume a fearsome visage.
Nothing appears to happen.
It was a scroll of fear.
As you read the scroll labelled DEUHENUIRPH, it crumbles to dust.
You feel strangely unstable.
It was a scroll of teleportation.
Blink to where?
Press: ? - help, Dir - move target
As you read the scroll labelled EDUOSAT USAEVO, it crumbles to dust.
It was a scroll of blinking.
As you read the scroll labelled YTAROB CAZA, it crumbles to dust.
Magic quickly surges around you.
It was a scroll of vulnerability.
As you read the scroll labelled VURUTE TAODWU, it crumbles to dust.
It is a scroll of identify.
l - a potion of invisibility Your surroundings suddenly seem different.
The eight-headed hydra bites you! x2
The eight-headed hydra barely misses you.
The eight-headed hydra misses you. The eight-headed hydra bites you. x2
The eight-headed hydra bites you!
* * * LOW HITPOINT WARNING * * *
The eight-headed hydra bites you!
* * * LOW HITPOINT WARNING * * *
Okay, then.
Okay, then.
The eight-headed hydra bites you!
You die...

#.####.# #≈≈P......≈≈.* #...[).#
#≈≈.P♣♣♣..≈≈,* #####..# ###..#
*#.**,* #..# #.## *..,,* #####..#
##.# *,***## #......# #####..#
*,* #. #.###.## #.....##
**######8 #.# #.# #.##.##
*8...Wo#. ##.###.######@##.#
*,.##oo#. #.............D..#
*,.8#oo#.
#..###.######.##.#####,.##oo#.
#..#*...#####.##..<..#,..o#o#.
#..#*,...........#####,...#.+.
####..##...#####.#.....#*_.8.#.+.
#......>#*** #.#.###.#*,...#.+.
#.##..#.# #.#.# *,#*,...#.#.
#,*#..#.#### *#.#.#**,**,.##..#.


You could see an eight-headed hydra.

Vanquished Creatures
  Pikel (D:6)
  Maggie (D:6)
  A hornet zombie (D:7)
  An ice beast (D:5)
  2 sky beasts
  A black bear (D:6)
  2 ogres
  3 necrophages
  A centaur (D:6)
  2 lemures (D:6)
  Blork the orc (D:6)
  A scorpion (D:4)
  4 wights (D:7)
  A howler monkey (D:6)
  A centaur zombie (D:7)
  5 hounds
  2 centaur skeletons
  4 orc priests
  2 jellies
  Crazy Yiuf (D:4)
  An orc wizard (D:5)
  Robin (D:4)
  A howler monkey zombie (D:6)
  7 adders
  3 gnolls
  2 river rats (D:5)
  A shadow imp (D:5)
  An ufetubus (D:5)
  An adder zombie (D:5)
  6 worms (D:5)
  A dart slug (D:4)
  21 orcs
  4 ball pythons
  2 endoplasms (D:4)
  2 giant cockroaches (D:2)
  8 goblins
  6 hobgoblins
  2 jackals (D:3)
  3 kobolds
  2 quokkas (D:2)
  A bat (D:2)
  3 frilled lizards (D:2)
  A rat (D:2)
117 creatures vanquished.

Vanquished Creatures (collateral kills)
  A sky beast (D:7)
1 creature vanquished.

Vanquished Creatures (others)
  A butterfly (D:7)
  37 foxfires
  6 plants (D:6)
44 creatures vanquished.

Grand Total: 162 creatures vanquished

Notes
Turn   | Place    | Note
-------+----------+-------------------------------------------
     0 | D:1      | comborobin the Octopode Cinder Acolyte began the quest for
                  | the Orb.
     0 | D:1      | Reached XP level 1. HP: 16/16 MP: 2/2
     6 | D:1      | Got Mulokyt's Almanac of Intoxication and the Frostbite
   300 | D:2      | Reached skill level 1 in Dodging
   300 | D:2      | Reached XP level 2. HP: 20/21 MP: 3/3
   725 | D:2      | Reached XP level 3. HP: 24/26 MP: 4/4
  1269 | D:4      | Reached XP level 4. HP: 16/33 MP: 5/5
  1497 | D:4      | Found a runed translucent door.
  1498 | D:4      | Noticed Crazy Yiuf
  1602 | D:5      | Entered Level 5 of the Dungeon
  2031 | D:4      | Noticed a necrophage
  2044 | D:4      | Killed a necrophage
  2045 | D:4      | Reached XP level 5. HP: 14/38 MP: 6/6
  2705 | D:4      | Reached skill level 5 in Fighting
  2705 | D:4      | Reached XP level 6. HP: 31/45 MP: 7/7
  3029 | D:4      | Found the +2 Maxwell's thermic engine {flame, freeze}
  3357 | D:4      | Noticed Robin
  3367 | D:4      | Killed Robin
  3769 | D:4      | Killed Crazy Yiuf
  3770 | D:4      | Reached skill level 1 in Long Blades
  4029 | D:5      | Reached skill level 2 in Long Blades
  4029 | D:5      | Reached XP level 7. HP: 47/50 MP: 8/8
  4229 | D:5      | Reached skill level 3 in Long Blades
  4394 | D:5      | Reached skill level 4 in Long Blades
  4486 | D:5      | Found an ornate altar of the Wu Jian Council.
  4596 | D:5      | Reached skill level 5 in Long Blades
  4771 | D:5      | Reached XP level 8. HP: 56/56 MP: 9/9
  4785 | D:5      | Reached skill level 6 in Long Blades
  5229 | D:6      | Found a transporter.
  5230 | D:6      | Found a transporter.
  5279 | D:6      | Noticed Pikel
  5293 | D:6      | Killed Pikel
  5294 | D:6      | Reached skill level 8 in Long Blades
  5493 | D:6      | Noticed 0ceanBlu's ghost (novice DsGl)
  5504 | D:6      | Noticed Maggie
  5517 | D:6      | Killed Maggie
  5518 | D:6      | Reached skill level 9 in Long Blades
  5518 | D:6      | Reached XP level 9. HP: 36/61 MP: 10/10
  5790 | D:6      | Found an opulent altar of Gozag.
  5885 | D:6      | Reached skill level 10 in Long Blades
  5950 | D:6      | Noticed Blork the orc
  5965 | D:6      | Killed Blork the orc
  6372 | D:7      | Found a runed translucent gate.
  6373 | D:7      | Found a runed translucent gate.
  6374 | D:7      | Identified the +1 plate armour "Boarucse" {*Corrode Int+9
                  | Dex+9}
  6374 | D:7      | Noticed Pin's ghost (novice HOMo)
  6375 | D:7      | Found a runed translucent gate.
  6386 | D:7      | Found a sacrificial altar of Ru.
  6390 | D:7      | Found an iron altar of Okawaru.
  6393 | D:7      | Found a glowing silver altar of Zin.
  6623 | D:7      | Found a white marble altar of Elyvilon.
  6666 | D:7      | Noticed an eight-headed hydra
  6677 | D:7      | Reached skill level 11 in Long Blades
  6772 | D:7      | Found a staircase to the Ecumenical Temple.
  6969 | Temple   | Entered the Ecumenical Temple
  7223 | D:7      | Found a bloodstained altar of Trog.
  7386 | D:7      | Mangled by an eight-headed hydra

Illustrated notes

Levels and vault maps discovered:
D:1:      ldierk_walled_garden, layout_rooms, serial_shops, shop,
          shapermc_ecumenical_altar_rom_forum, chequers_serial_rivers_small_b,
          minmay_pentomino_w4
D:2:      layout_rooms, basic_altar, grunt_decor_resistance, st_stairs_8,
          uniq_sigmund
D:3:      layout_basic
D:4:      layout_basic, ebering_dispersal_statue_hall, minmay_misc_feat_cross,
          uniq_robin, uniq_crazy_yiuf_cottage
D:5:      layout_cave_pools, mainiacjoe_overflow_chevrons,
          lightli_sewer_entry_pipes
D:6:      layout_basic, grunt_gozag_breadcrumbs, gammafunk_ghost_gnarly_gnolls,
          kennysheep_small_spiral, minmay_misc_feat_doors, minivault_19,
          uniq_maggie, uniq_pikel, uniq_blork_the_orc
D:7:      layout_loops_ring, lemuel_crystal_altar,
          nicolae_elyvilon_peaceful_grove, minmay_overflow_temple_star_quad,
          mainiacjoe_overflow_tiny_flanked, minmay_temple_entry_junction,
          biasface_ghost_orc_armoury
Temple:   minmay_temple_curvy_loop

Skill      XL: |  1  2  3  4  5  6  7  8  9 |
---------------+----------------------------+-----
Dodging        | 1 2 3 4 |  4.3
Fighting       | 4 5 |  5.5
Long Blades    | 2 5 9 11 | 11.3
Unarmed Combat | |  3.0
Spellcasting   | |  1.0
Fire Magic     | |  3.0

Action                   |  1- 3 |  4- 6 |  7- 9 || total
-------------------------+-------+-------+-------++-------
Melee: Unarmed           |    63 |    60 |       ||   123
       Constrict         |    17 |    14 |    20 ||    51
       Tentacles         |    12 |    22 |    29 ||    63
       Punch             |     1 |       |     2 ||     3
       Double sword      |       |    22 |   124 ||   146
Invok: Foxfire Swarm     |       |     1 |     1 ||     2
       Fiery Armour      |       |     1 |     1 ||     2
Evoke: Wand              |       |       |     1 ||     1
  Use: Potion            |       |       |     4 ||     4
       Scroll            |       |       |    10 ||    10
 Stab: Sleeping          |     2 |     5 |     8 ||    15
Armor: Skin              |     3 |     8 |     5 ||    16
Dodge: Dodged            |    36 |    49 |    67 ||   152

Table legend: (Time is in decaauts)
 A = Elapsed time spent in this place.
 B = Non-inter-level travel time spent in this place.
 C = Inter-level travel time spent in this place.
 D = Time resting spent in this place.
 E = Time spent auto-exploring this place.
 F = Levels seen in this place.
 G = Mean time per level.
                   A        B        C        D        E       F      G
               +--------+--------+--------+--------+--------+-----+--------+
         Total |   7412 |   7185 |    227 |   1883 |   4202 |   8 |  926.5 |
       Dungeon |   7174 |   6970 |    204 |   1883 |   3992 |   7 | 1024.9 |
        Temple |    237 |    214 |     23 |      0 |    210 |   1 |  237.0 |
               +--------+--------+--------+--------+--------+-----+--------+

Top non-repeatable levels by time:
     D:4: 2750 daAuts
     D:6: 1364 daAuts
     D:5: 1091 daAuts
     D:7: 717 daAuts
     D:3: 586 daAuts
     D:2: 471 daAuts
  Temple: 237 daAuts
     D:1: 192 daAuts
